 Dungeon Sprint DCSS version 0.31-a0-1591-g515db51633 (webtiles) character file.

Game seed: 8436281850862913554

2641 Conn the Destroyer (level 9, -32/51 HPs)
             Began as an Octopode Fire Elementalist on Jan 6, 2024.
             Was a Priest of Sif Muna.
             Annihilated by a boulder beetle (46 damage)
             ... in the Dungeon (Sprint II: "The Violet Keep of Menkaure").
             The game lasted 00:09:54 (891 turns).

Conn the Destroyer (Octopode Fire Elementalist)      Turns: 891, Time: 00:09:55

Health: -32/51     AC:  5    Str:  8    XL:     9   Next: 61%
Magic:  21/21      EV: 16    Int: 21    God:    Sif Muna [***...]
Gold:   745        SH:  0    Dex: 12    Spells: 11/25 levels left

rFire   . . .        v - +0 rapier
rCold   . . .        (no shield)
rNeg    + + .        (helmet restricted)
rPois   .            (no amulet)
rElec   .            l - +4 ring of protection
rCorr   .            h - ring of positive energy
SInv    .            i - ring of positive energy
Will    .....        (no ring)
Stlth   +++          (no ring)
HPRegen 0.28/turn    (no ring)
MPRegen 0.17/turn    (no ring)
                     (no ring)

%: no teleportation
@: no status effects
A: almost no armour, amphibious, 8 rings, camouflage 1, gelatinous body 1,
(nimble swimmer 1), tentacles
a: Renounce Religion, Channel Magic, Forget Spell


You were in the Dungeon.
You worshipped Sif Muna.
Sif Muna was most pleased with you.
You visited 1 branch You collected 745 gold pieces.

Inventory:

Hand Weapons
 v - a +0 rapier (weapon)
Missiles
 w - 3 poisoned darts
Jewellery
 h - a ring of positive energy (right tentacle)
 i - a ring of positive energy (on tentacle)
 l - a +4 ring of protection (left tentacle)
Scrolls
 g - a scroll of immolation
 j - a scroll of fog
 k - a scroll of silence
 n - a scroll of amnesia
 p - a scroll of enchant weapon
 s - a scroll of revelation {unknown}
 t - a scroll of torment {unknown}
Potions
 a - 6 potions of magic
 b - a potion of curing
 d - a potion of haste
 m - a potion of brilliance {unknown}
 q - 2 potions of resistance
 r - a potion of mutation {unknown}
 u - 2 potions of enlightenment


   Skills:
 + Level 0.0 Fighting
 - Level 8.3 Dodging
 - Level 4.1 Stealth
 - Level 0.6 Unarmed Combat
 + Level 8.7 Spellcasting
 + Level 10.7 Conjurations
 + Level 6.2 Hexes
 + Level 0.0 Summonings
 + Level 0.0 Necromancy
 + Level 9.9 Fire Magic
 * Level 10.0 Invocations


You had 11 spell levels left.
You knew the following spells:

 Your Spells              Type           Power      Damage    Failure   Level
a - Foxfire               Conj/Fire      100%       2x1d9     1%          1
b - Scorch                Fire           100%       2d9       1%          2
c - Inner Flame           Hex/Fire       43%        N/A       1%          3
d - Flame Wave            Conj/Fire      51%        2d13      1%          4
e - Martyr's Knell        Necr/Summ      9%         N/A       58%         4

Your spell library contained the following spells:

 Spells                   Type           Power      Damage    Failure   Level
 Volatile Blastmotes      Fire/Tloc      58%        2d14      3%          3
 Cigotuvi's Dreadful Rot  Necr/Alch/Air  18%        N/A       11%         2
 Dispel Undead            Necr           9%         3d8       58%         4
 Death Channel            Necr           4%         N/A       100%        6


Dungeon Overview and Level Annotations

Branches:
Dungeon (1/1)

Altars:
Cheibriados
Dithmenos
Elyvilon
Fedhas
Gozag
Hepliaklqana
Kikubaaqudgha
Makhleb
Nemelex Xobeh
Okawaru
Qazlal
Ru
Sif Muna
Trog
Uskayaw
Vehumet
Wu Jian
Xom
Yredelemnul
Zin
The Shining One
Jiyva
Lugonu

Annotations:
D exclusion: orange crystal statue


Innate Abilities, Weirdness & Mutations

You cannot wear most types of armour.
You are amphibious.
You can wear up to eight rings at the same time.
Your skin changes colour to match your surroundings (Stealth+).
Your rubbery body absorbs attacks. (AC +1, EV +1)
((You are camouflaged when in or above water. (Stealth+)))
You have tentacles for arms and can constrict up to eight enemies at once.


Message History

Unknown command.
Okay, then.
Unknown command.
Unknown command.
Casting: Flame Wave (dangerous; 1% risk of failure)
Confirm with . or Enter, or press ? or * to list all spells.
Casting: Flame Wave (dangerous; 1% risk of failure)
Press: ? - help, Dir - look around, f - activate A wave of flame ripples out!
The flame wave engulfs the boulder beetle but does no damage.
The boulder beetle is heavily wounded. (Press . to intensify the flame waves.)
The boulder beetle leaps!
Unknown command.
Unknown command.
Unknown command.
Blink to where?
Press: ? - help, Dir - move target
As you read the scroll of blinking, it crumbles to dust.
The boulder beetle curls into a ball and begins rolling!
Casting: Flame Wave (dangerous; 1% risk of failure)
Confirm with . or Enter, or press ? or * to list all spells.
Okay, then.
Unknown command.
You aren't carrying any items that you can evoke.
Unknown command.
As you read the scroll of summoning, it crumbles to dust.
Wisps of shadow whirl around you...
You feel less invigorated.
Unknown command.
You swap places.
Your jackal is engulfed in a cloud of scalding steam. x2
Your jackal dies!
Your jackal's corpse dissolves into shadows!
Your jackal bites the boulder beetle but does no damage.
Unknown command.
You swap places.
Your dart slug bites the boulder beetle but does no damage.
The boulder beetle hits you!!!
Ouch! That really hurt!
You die...

...# ...####▓)..(.[.. ###..##
#..##.#▓).....[. #+###.##..#
+..#..#▓.....([. ##.##...#..#
#.^#..#▓...[.[..
+.<.'##.'..####..##.#▓......))
##.##B..#B...###...##▓▓▓▓▓▓▓'▓
#'###.##.°h...~~~~~)~~~~~~~..
.#$ ###§~.hw§.~#'########'###
.. ..#~~~~~~B@.~#....._._#~~~#
##.
.##~~~~~~~h.~#...._._.#~~≈≈ ##
##~~~≈≈§§§~~~#..._._._#~§§§
~~~~§§§§§≈~~§#.._._._.#~~§≈
+++#~≈§≈§≈≈≈~#._._._._#~~~§
##≈§§###≈≈#_._._._.#~~~~ ##≈≈
#§§#._._._..#~~≈≈
§#+#§§#.._._._.#~§§≈
§≈≈≈≈≈##########§≈§≈


You could see 2 boulder beetles, a friendly dart slug (summoned) and 3 friendly
jackals.

Vanquished Creatures
  2 deep trolls (D)
  A yaktaur (D)
  3 polar bears (D)
  A hornet (D)
  4 crocodiles (D)
  4 necrophages (D)
15 creatures vanquished.

Vanquished Creatures (others)
  26 foxfires (D)
  16 tentacles (D)
42 creatures vanquished.

Grand Total: 57 creatures vanquished

Notes
Turn   | Place    | Note
-------+----------+-------------------------------------------
     0 | D        | Conn the Octopode Fire Elementalist began the quest for the
                  | Orb.
     0 | D        | Reached XP level 1. HP: 11/11 MP: 3/3
     1 | D        | Noticed a boulder beetle
     1 | D        | Noticed a boulder beetle
     4 | D        | Noticed a necrophage
     4 | D        | Noticed a necrophage
     4 | D        | Noticed a necrophage
     4 | D        | Noticed a necrophage
     9 | D        | Killed a necrophage
    10 | D        | Reached XP level 2. HP: 17/17 MP: 2/6
    10 | D        | Reached XP level 3. HP: 21/21 MP: 2/8
    10 | D        | Reached XP level 4. HP: 27/27 MP: 2/9
    13 | D        | Killed a necrophage
    14 | D        | Reached XP level 5. HP: 31/31 MP: 2/12
    16 | D        | Reached skill level 5 in Spellcasting
    21 | D        | Reached skill level 5 in Conjurations
    21 | D        | Reached XP level 6. HP: 36/36 MP: 3/15
    29 | D        | Learned a level 2 spell: Scorch
    33 | D        | Learned a level 3 spell: Inner Flame
    38 | D        | Learned a level 4 spell: Flame Wave
   104 | D        | Found a snail-covered altar of Cheibriados.
   105 | D        | Found a shadowy altar of Dithmenos.
   105 | D        | Found a viscous altar of Jiyva.
   106 | D        | Found a white marble altar of Elyvilon.
   106 | D        | Found an ancient bone altar of Kikubaaqudgha.
   107 | D        | Found a blossoming altar of Fedhas.
   107 | D        | Found a corrupted altar of Lugonu.
   107 | D        | Found a shimmering blue altar of Sif Muna.
   108 | D        | Found an opulent altar of Gozag.
   108 | D        | Found a burning altar of Makhleb.
   108 | D        | Found a bloodstained altar of Trog.
   109 | D        | Found a sparkling altar of Nemelex Xobeh.
   109 | D        | Found a hide-covered altar of Uskayaw.
   110 | D        | Found a basalt altar of Yredelemnul.
   111 | D        | Found an iron altar of Okawaru.
   111 | D        | Found a radiant altar of Vehumet.
   111 | D        | Found a glowing silver altar of Zin.
   111 | D        | Found a hazy altar of Hepliaklqana.
   111 | D        | Found a sacrificial altar of Ru.
   111 | D        | Found a shimmering altar of Xom.
   112 | D        | Found a stormy altar of Qazlal.
   112 | D        | Found an ornate altar of the Wu Jian Council.
   112 | D        | Found a glowing golden altar of the Shining One.
   118 | D        | Became a worshipper of Sif Muna the Loreminder
   130 | D        | Reached skill level 5 in Dodging
   130 | D        | Reached skill level 1 in Invocations
   137 | D        | Noticed a kraken
   423 | D        | Noticed a yaktaur
   423 | D        | Noticed a hornet
   423 | D        | Noticed a polar bear
   431 | D        | Killed a hornet
   431 | D        | Killed a polar bear
   431 | D        | Reached * piety under Sif Muna
   432 | D        | Reached skill level 5 in Invocations
   432 | D        | Reached XP level 7. HP: 6/41 MP: 4/17
   442 | D        | Killed a yaktaur
   443 | D        | Reached XP level 8. HP: 31/46 MP: 19/19
   485 | D        | Noticed a polar bear
   485 | D        | Noticed a polar bear
   495 | D        | Killed a polar bear
   561 | D        | Killed a polar bear
   561 | D        | Reached ** piety under Sif Muna
   641 | D        | Reached skill level 5 in Hexes
   707 | D        | Noticed a deep troll
   707 | D        | Noticed a deep troll
   713 | D        | Killed a deep troll
   713 | D        | Reached *** piety under Sif Muna
   714 | D        | Reached skill level 10 in Conjurations
   714 | D        | Reached XP level 9. HP: 51/51 MP: 11/21
   714 | D        | Killed a deep troll
   715 | D        | Reached skill level 10 in Invocations
   816 | D        | Noticed an orange crystal statue
   823 | D        | Learned a level 4 spell: Martyr's Knell
   891 | D        | Annihilated by a boulder beetle

Illustrated notes

Levels and vault maps discovered:
D:        the_violet_keep_of_menkaure [sprint2_stairs_cluster_1,
          sprint2_shoproom, sprint2_temple, sprint2_basic_supplies,
          sprint2_obstacle_2, sprint2_obstacle_4, sprint2_obstacle_7,
          sprint2_obstacle_6, sprint2_obstacle_3, sprint2_timed_cluster_1,
          sprint2_smallroom_cluster_1, sprint2_smallroom_final_cluster_1,
          sprint2_transparent_cluster_1, sprint2_second_timed_cluster_1,
          sprint2_sniper_area_1, sprint2_heavy_combat_area_1,
          sprint2_mutation_trap_area_1, sprint2_forest_area_1,
          sprint2_light_combat_area_1, sprint2_behind_water_1,
          sprint2_near_end_vault_1]

Skill      XL: |  1  2  3  4  5  6  7  8  9 |
---------------+----------------------------+-----
Dodging        | 3 4 6 7 8 |  8.3
Stealth        | 4 |  4.1
Spellcasting   | 3 4 6 7 8 |  8.7
Fire Magic     | 6 7 8 9 |  9.9
Conjurations   | 3 5 7 8 10 | 10.7
Invocations    | 5 6 9 10 | 10.0
Hexes          | 3 4 5 6 |  6.2
Unarmed Combat | |  0.6

Action                     |  1- 3 |  4- 6 |  7- 9 || total
---------------------------+-------+-------+-------++-------
  Melee: Unarmed           |     2 |     9 |       ||    11
         Tentacles         |     2 |     4 |       ||     6
         Constrict         |     1 |     2 |       ||     3
         Punch             |       |     1 |       ||     1
         Rapier            |       |       |     2 ||     2
   Cast: Foxfire           |     1 |    14 |     6 ||    21
         Scorch            |       |     7 |    14 ||    21
         Inner Flame       |       |     2 |     2 ||     4
         Flame Wave        |       |       |     6 ||     6
 Invoke: Channel Magic     |       |       |     2 ||     2
    Use: Potion            |     1 |     2 |     2 ||     5
         Scroll            |       |     6 |     2 ||     8
 Armour: Skin              |       |     9 |    16 ||    25
  Dodge: Dodged            |       |    10 |    14 ||    24

Table legend: (Time is in decaauts)
 A = Elapsed time spent in this place.
 B = Non-inter-level travel time spent in this place.
 C = Inter-level travel time spent in this place.
 D = Time resting spent in this place.
 E = Time spent auto-exploring this place.
 F = Levels seen in this place.
 G = Mean time per level.
                   A        B        C        D        E       F      G
               +--------+--------+--------+--------+--------+-----+--------+
         Total |    877 |    877 |      0 |    389 |      0 |   1 |  877.0 |
       Dungeon |    877 |    877 |      0 |    389 |      0 |   1 |  877.0 |
               +--------+--------+--------+--------+--------+-----+--------+

Top non-repeatable levels by time:
       D: 877 daAuts
